 Dungeon Crawl Stone Soup version 0.25-a0-44-g29a1220a87 (webtiles) character file.

Game seed: 1039838869416229874, levelgen mode: deterministic

3586 iamserjio the Nimble (level 9, -9/42 HPs)
             Began as a Felid Chaos Knight on Oct 24, 2019.
             Was a Plaything of Xom.
             Mangled by an ice beast (11 damage)
             ... on level 11 of the Dungeon.
             The game lasted 00:23:06 (17005 turns).

iamserjio the Nimble (Felid Chaos Knight)          Turns: 17005, Time: 00:23:07

Health: -9/42      AC:  4    Str:  6 (10) XL:     9   Next: 85%
Magic:  17/17      EV: 17    Int:  9 (17) God:    Xom [..*...]
Gold:   2971       SH:  0    Dex:  2 (16) Spells: 2/15 levels left
                                        Lives:  0   Deaths: 2

rFire    . . .     SeeInvis +     - Unarmed
rCold    . . .     Gourm    .   (shield unavailable)
rNeg     . . .     Faith    .   (armour unavailable)
rPois    .         Spirit   .   (helmet unavailable)
rElec    .         Reflect  .   (cloak unavailable)
rCorr    .         Harm     .   (gloves unavailable)
MR       +....                  (boots unavailable)
Stlth    +.........             (no amulet)
HPRegen  0.14/turn              (no ring)
MPRegen  0.15/turn              y - +3 ring of intelligence

@: berserk cooldown, slowed, slow
A: very small, no armour, no weapons or thrown items, stealth, claws 1, fangs 3,
thin metallic scales 1, see invisible, carnivore, deterioration 2, speed 1, high
mp 1, mutation resistance 1, robust 1, shaggy fur 2, slow metabolism 1, sharp
paws
a: Renounce Religion


You were on level 11 of the Dungeon.
You worshipped Xom.
You were a toy of Xom.
You were not hungry.

You visited 1 branch of the dungeon, and saw 11 of its levels.

You collected 3501 gold pieces.
You spent 530 gold pieces at shops.

Inventory:

Missiles
 d - 221 arrows
Jewellery
 e - an uncursed ring of see invisible
 y - a +3 ring of intelligence (right paw)
 z - an uncursed ring of fire
Wands
 F - a wand of polymorph (20)
Scrolls
 b - a scroll of enchant armour
 c - 3 scrolls of magic mapping
 f - 4 scrolls of enchant weapon
 h - 3 scrolls of immolation {unknown}
 i - 2 scrolls of fear {unknown}
 l - 2 scrolls of noise {unknown}
 m - 4 scrolls of fog {unknown}
 n - 5 scrolls of teleportation {unknown}
 u - a scroll of remove curse {unknown}
 x - a scroll of amnesia {unknown}
 C - a scroll of vulnerability {unknown}
 D - 2 scrolls of random uselessness {unknown}
Potions
 g - a potion of degeneration
 j - 3 potions of ambrosia
 k - 2 potions of berserk rage
 o - 4 potions of agility
 p - 3 potions of heal wounds
 q - a potion of magic {unknown}
 r - 6 potions of curing {@q1}
 s - 3 potions of lignification
 t - a potion of brilliance
 v - 2 potions of mutation
 w - a potion of resistance
 A - a potion of invisibility {unknown}
 B - 2 potions of haste
 E - 4 potions of might
Comestibles
 a - 25 rations
 G - a chunk of flesh


   Skills:
 - Level 3.8 Fighting
 + Level 9.9 Dodging
 - Level 9.1 Unarmed Combat
 + Level 3.7 Spellcasting
 - Level 1.0 Conjurations
 * Level 2.4 Hexes
 - Level 2.0 Charms
 + Level 5.0 Summonings
 - Level 3.0 Ice Magic
 * Level 3.4 Air Magic
 - Level 1.0 Poison Magic


You had 2 spell levels left.
You knew the following spells:

 Your Spells              Type           Power        Failure   Level  Hunger
a - Summon Ice Beast      Ice/Summ       #.......     47%         4    #####..
b - Ozocubu's Armour      Chrm/Ice       #.......     30%         3    ###....
c - Mephitic Cloud        Conj/Pois/Air  #.......     36%         3    ###....
d - Animate Skeleton      Necr           N/A          28%         1    #......
e - Confusing Touch       Hex            #.....       11%         1    #......
f - Apportation           Tloc           #.....       28%         1    #......

Your spell library contained the following spells:

 Spells                   Type           Power        Failure   Level  Hunger
 Summon Small Mammal      Summ           ##..         3%          1    #......
 Freeze                   Ice            #...         9%          1    #......
 Poisonous Vapours        Pois/Air       #.....       17%         2    ###....
 Sting                    Conj/Pois      #...         19%         1    #......
 Throw Frost              Conj/Ice       #.....       19%         2    ###....
 Throw Icicle             Conj/Ice       #.......     77%         4    #####..
 Olgreb's Toxic Radiance  Pois           #.......     87%         4    #####..
 Venom Bolt               Conj/Pois      #.........   99%         5    ######.


Dungeon Overview and Level Annotations

Branches:
Dungeon (11/15)            Temple (0/1) D:6             Orc (0/2) D:11
   Lair: D:8-11

Altars:
Ashenzari
Cheibriados
Fedhas
Okawaru
Ru
Sif Muna
Xom
The Shining One
Jiyva

Shops:
D:8 (:![

Annotations:
D:3 exclusion: orc priest


Innate Abilities, Weirdness & Mutations

You cannot wear armour.
You are incapable of wielding weapons or throwing items.
Your paws allow you to move quietly. (Stealth)
You have sharp claws.
You have razor-sharp teeth.
You have supernaturally acute eyesight. (SInv)
You are carnivorous and can eat meat at any time.
You cover ground quickly.
You are covered in thick fur. (AC +2)
You have a slow metabolism.
Your sharp claws are effective at attacking unaware monsters.
You are partially covered in thin metallic scales. (AC +2)
Your body often deteriorates upon taking damage.
You have an increased reservoir of magic. (+10% MP)
You are somewhat resistant to further mutation.
You are robust. (+10% HP)


Message History

Found 18 gold pieces.
The centaur warrior zombie hits your hound.
Your hound bites the centaur warrior zombie.
The centaur warrior zombie hits your hound.
Your hound bites the centaur warrior zombie but does no damage.
Your hound bites the centaur warrior zombie.
The centaur warrior zombie barely misses your hound.
Your hound bites the centaur warrior zombie.
The centaur warrior zombie hits your hound.
The ice beast closely misses you.
You see here a wand of polymorph (11).
F - a wand of polymorph (20) (gained 11 charges)
Your hound bites the centaur warrior zombie.
The centaur warrior zombie misses your hound.
Your hound bites the centaur warrior zombie.
The ice beast hits you.
* * * LOW HITPOINT WARNING * * *
The ice beast freezes you!
You die...
Xom snickers!

.......#........#
.... .....>#.......##
#....
#.............##.....
#....................
#..........KKZ.....#
..#.<รท..###.h....##
# ##...####.....##
#........Y...###.
##.......@.......
#########......$
#...... #..... .....
..... .... .##


You could see an ice beast, a big kobold, a centaur warrior zombie, a kobold and
a friendly hound.

Vanquished Creatures
  Sigmund (D:3)
  Menkaure (D:5)
  A hungry ghost (D:9)
  Edmund (D:5)
  Duvessa (D:6)
  4 sky beasts
  2 orc warriors
  An ice beast (D:5)
  A phantom (D:5)
  A black bear (D:9)
  3 ogres
  A wolf (D:9)
  5 centaurs
  A bullfrog (D:10)
  Dowan (D:6)
  3 killer bees
  5 wights
  3 crimson imps
  2 hounds (D:6)
  9 jellies
  4 orc priests
  2 centaur skeletons
  Jessica (D:2)
  An iguana (D:9)
  5 orc wizards
  6 worker ants
  A killer bee zombie (D:9)
  4 gnolls (D:3)
  15 adders
  6 oozes
  An adder skeleton (D:4)
  4 dart slugs
  6 leopard geckos
  29 orcs
  7 ball pythons
  7 bats
  6 giant cockroaches
  8 goblins
  5 hobgoblins
  8 jackals
  7 kobolds
  5 quokkas
  6 frilled lizards
  2 leopard gecko skeletons (D:5)
  A quokka skeleton (D:4)
  6 rats
200 creatures vanquished.

Vanquished Creatures (collateral kills)
  A hungry ghost (D:8)
  An ogre (D:8)
  A big kobold (D:8)
  A bullfrog (D:10)
  A scorpion (D:8)
  3 wights (D:9)
  2 jellies (D:9)
  An orc priest (D:3)
  An iguana (D:9)
  2 adders
  An ooze (D:9)
  6 orcs
  2 kobolds (D:8)
23 creatures vanquished.

Grand Total: 223 creatures vanquished

Notes
Turn   | Place    | Note
-------+----------+-------------------------------------------
     0 | D:1      | iamserjio the Felid Chaos Knight began the quest for the
                  | Orb.
     0 | D:1      | Reached XP level 1. HP: 10/10 MP: 2/2
    17 | D:1      | XOM: divination: detect items
    51 | D:1      | XOM: divination: detect creatures
   139 | D:1      | XOM: divination: detect items
   231 | D:1      | Reached XP level 2. HP: 14/14 MP: 3/3
   247 | D:1      | XOM: harmless Summ miscast
   484 | D:1      | XOM: god gift: 51 gold pieces
   518 | D:1      | XOM: noise
   561 | D:1      | XOM: divination: detect items
   583 | D:1      | XOM: cloud trail
  1041 | D:1      | XOM: harmless Pois miscast
  1127 | D:2      | Noticed Jessica
  1144 | D:2      | Reached XP level 3. HP: 17/17 MP: 4/4
  1151 | D:2      | Killed Jessica
  1352 | D:2      | XOM is BORED!
  1352 | D:2      | XOM: noise
  1412 | D:2      | Reached XP level 4. HP: 5/21 MP: 5/5
  1911 | D:2      | XOM: 4-stop teleportation journey
  2428 | D:2      | Found a sacrificial altar of Ru.
  2725 | D:2      | XOM: medium Necr miscast
  2767 | D:2      | XOM: mild Summ miscast
  3026 | D:3      | XOM: cast spell 'Leda's Liquefaction'
  3180 | D:3      | Found a shattered altar of Ashenzari.
  3409 | D:3      | XOM: god gift: 400 gold pieces
  3428 | D:3      | XOM: cloud trail
  3506 | D:3      | Reached skill level 5 in Unarmed Combat
  3506 | D:3      | Reached XP level 5. HP: 24/24 MP: 6/6
  3520 | D:3      | Reached skill level 5 in Dodging
  3658 | D:3      | Found a shimmering blue altar of Sif Muna.
  3875 | D:3      | XOM: cast spell 'Call Canine Familiar'
  4516 | D:3      | XOM: divination: detect items
  4524 | D:3      | XOM: give mutations
  4524 | D:3      | Gained mutation: You are somewhat resistant to further
                  | mutation. [Xom's mischief]
  4524 | D:3      | Gained mutation: Your body sometimes deteriorates upon
                  | taking damage. [Xom's mischief]
  4560 | D:3      | XOM: harmless Conj miscast
  4587 | D:3      | XOM: 2-stop teleportation journey
  4614 | D:3      | Noticed Sigmund
  4638 | D:3      | XOM: divination: detect items
  4826 | D:4      | XOM: potion effect (berserk rage)
  4826 | D:4      | HP: 1/36 [worker ant (6)]
  4827 | D:4      | Succumbed to a worker ant's poison
  4828 | D:4      | Reached XP level 4. HP: 0/31 MP: 5/5
  4921 | D:4      | Reached XP level 5. HP: 24/24 MP: 6/6
  5070 | D:4      | XOM: silly message
  5103 | D:4      | You fall into a shaft and drop 2 floors!
  5131 | D:6      | Noticed an ogre
  5146 | D:6      | XOM: enchant monster (bad)
  5149 | D:6      | XOM: noise
  5188 | D:5      | Entered Level 5 of the Dungeon
  5356 | D:5      | Noticed Edmund
  5368 | D:5      | XOM: harmless Tmut miscast
  5402 | D:5      | Noticed Menkaure
  5618 | D:4      | Noticed an ogre
  5627 | D:4      | XOM: divination: magic mapping
  5629 | D:4      | Killed an ogre
  5629 | D:4      | Gained mutation: You are covered in thick fur. (AC +2)
                  | [Felid growth]
  5629 | D:4      | Reached XP level 6. HP: 28/28 MP: 7/7
  5887 | D:4      | You fall into a shaft and drop 2 floors!
  5900 | D:6      | Noticed Duvessa
  5902 | D:6      | Noticed Dowan
  5938 | D:5      | Killed Edmund
  6299 | D:3      | XOM: noise
  6313 | D:3      | XOM: divination: detect creatures
  6703 | D:3      | Killed Sigmund
  6703 | D:3      | Reached XP level 7. HP: 31/31 MP: 8/8
  7067 | D:4      | XOM: cloud trail
  7135 | D:4      | XOM: god gift: scroll labeled TYECRYW NOXAEV {god gift}
  7604 | D:5      | XOM: confuse monster(s)
  7710 | D:5      | XOM: cleaving
  7713 | D:5      | Reached XP level 8. HP: 34/34 MP: 9/9
  7894 | D:5      | Found a glowing golden altar of the Shining One.
  7896 | D:5      | Found a transporter.
  7905 | D:5      | Found a transporter.
  8021 | D:5      | XOM: blink monster(s)
  8041 | D:5      | XOM: butterfly on damage
  8071 | D:4      | XOM: give mutations
  8071 | D:4      | Gained mutation: You are dopey. (Int -2) [Xom's mischief]
  8071 | D:4      | Gained mutation: Your body often deteriorates upon taking
                  | damage. [Xom's mischief]
  8071 | D:4      | Lost mutation: Your body often deteriorates upon taking
                  | damage. [Xom's mischief]
  8242 | D:4      | XOM: draining
  8294 | D:5      | XOM: butterfly on damage
  8352 | D:4      | XOM: give mutations
  8352 | D:4      | Lost mutation: You are dopey. (Int -2) [Xom's mischief]
  8352 | D:4      | Gained mutation: Your body often deteriorates upon taking
                  | damage. [Xom's mischief]
  8478 | D:5      | Killed Menkaure
  8743 | D:5      | XOM: stat loss: -1 Int (12/13)
  8823 | D:5      | XOM: chaos cloud
  8894 | D:5      | Learned a level 4 spell: Summon Ice Beast
  8898 | D:5      | Learned a level 3 spell: Ozocubu's Armour
  8954 | D:5      | XOM is BORED!
  8993 | D:5      | XOM: noise
  9010 | D:6      | XOM: swap monsters
  9014 | D:6      | Killed Duvessa
  9018 | D:6      | XOM: repel stairs
  9031 | D:6      | Reached skill level 1 in Summonings
  9035 | D:6      | Mangled by an ogre
  9036 | D:6      | Reached XP level 7. HP: -8/31 MP: 8/8
  9037 | D:6      | Found a staircase to the Ecumenical Temple.
  9231 | D:6      | Reached skill level 1 in Spellcasting
  9231 | D:6      | Reached skill level 1 in Ice Magic
  9272 | D:6      | Killed Dowan
  9302 | D:6      | XOM: silly message
  9337 | D:6      | XOM: 5-stop teleportation journey
  9622 | D:7      | Reached XP level 8. HP: 34/34 MP: 11/11
  9994 | D:7      | XOM: harmless Air miscast
 10086 | D:7      | Found an iron altar of Okawaru.
 10234 | D:7      | Found a blossoming altar of Fedhas.
 10245 | D:7      | XOM: harmless Tloc miscast
 10506 | D:7      | XOM: blink monster(s)
 10527 | D:7      | XOM: swap monsters
 10853 | D:7      | XOM: confusion
 10856 | D:7      | XOM: swap monsters
 10946 | D:7      | XOM: mild Necr miscast
 11113 | D:7      | XOM: summons 1 hostile demon
 11165 | D:7      | Learned a level 3 spell: Mephitic Cloud
 11613 | D:8      | Reached skill level 1 in Air Magic
 11856 | D:8      | Found Toyxops's Antique Weapon Emporium.
 12002 | D:8      | Found Ciameuda's Book Shop.
 12024 | D:8      | XOM: enchant monster (good)
 12044 | D:8      | Reached skill level 1 in Charms
 12166 | D:8      | XOM: scenery: create altars
 12207 | D:8      | Found Jawylle's Distillery.
 12224 | D:8      | XOM: summons 8 friendly demons
 12231 | D:8      | Reached XP level 9. HP: 37/37 MP: 13/13
 12241 | D:8      | Reached skill level 1 in Conjurations
 12245 | D:8      | Reached skill level 1 in Poison Magic
 12260 | D:8      | Bought 2 potions of might for 80 gold pieces
 12260 | D:8      | Bought a potion of lignification for 30 gold pieces
 12260 | D:8      | Bought a potion of curing for 30 gold pieces
 12260 | D:8      | Bought a potion of ambrosia for 80 gold pieces
 12260 | D:8      | Bought a potion of haste for 100 gold pieces
 12260 | D:8      | Bought a potion of lignification for 30 gold pieces
 12260 | D:8      | Bought a potion of curing for 30 gold pieces
 12260 | D:8      | Bought a potion of agility for 40 gold pieces
 12260 | D:8      | Bought a potion of curing for 30 gold pieces
 12260 | D:8      | Bought a potion of mutation for 80 gold pieces
 12338 | D:8      | Found Fatzange's Armour Shop.
 12624 | D:9      | XOM: divination: magic mapping
 12689 | D:9      | Found a viscous altar of Jiyva.
 12689 | D:9      | XOM: 2-stop teleportation journey
 12697 | D:9      | XOM: 3-stop teleportation journey
 12712 | D:9      | XOM: god gift: 25 gold pieces
 12979 | D:9      | XOM: god gift: 1250 gold pieces
 13226 | D:9      | XOM: god gift: 6 rations
 13291 | D:9      | XOM: harmless Air miscast
 13444 | D:9      | XOM is BORED!
 13444 | D:9      | XOM: 1-stop teleportation journey
 13460 | D:9      | XOM: confusion (+ monsters)
 13923 | D:9      | XOM: 2-stop teleportation journey
 13944 | D:9      | XOM: cloud trail
 14051 | D:9      | Found a snail-covered altar of Cheibriados.
 14196 | D:9      | XOM: enchant monster (good)
 14407 | D:8      | XOM: harmless Hex miscast
 14768 | D:9      | XOM: divination: detect items
 14789 | D:9      | XOM: god gift: 930 gold pieces
 15159 | D:9      | Learned a level 1 spell: Animate Skeleton
 15161 | D:9      | Learned a level 1 spell: Confusing Touch
 15163 | D:9      | Learned a level 1 spell: Apportation
 15183 | D:10     | Entered Level 10 of the Dungeon
 15465 | D:10     | XOM: mild Necr miscast
 15479 | D:9      | Reached skill level 1 in Hexes
 15590 | D:9      | XOM: summons 2 hostile demons
 15885 | D:10     | XOM: butterfly on damage
 16164 | D:9      | XOM: give mutations
 16164 | D:9      | Gained mutation: You are partially covered in thin metallic
                  | scales. (AC +2) [Xom's grace]
 16164 | D:9      | Gained mutation: You are robust. (+10% HP) [Xom's grace]
 16164 | D:9      | Gained mutation: You have an increased reservoir of magic.
                  | (+10% MP) [Xom's grace]
 16567 | D:10     | XOM: 1-stop teleportation journey
 16596 | D:10     | XOM: god gift: scroll labeled PEFROC LOS {god gift}
 16649 | D:10     | XOM: cloud trail
 16657 | D:10     | Noticed a troll
 16659 | D:10     | XOM: destruction
 16680 | D:10     | XOM: potion effect (invisibility)
 16689 | D:10     | XOM: cast spell 'Summon Butterflies'
 16696 | D:10     | XOM: swap monsters
 16704 | D:10     | XOM: harmless Chrm miscast
 16954 | D:10     | Reached skill level 5 in Summonings
 16968 | D:10     | XOM: enchant monster (bad)
 16971 | D:11     | Found a staircase to the Orcish Mines.
 17000 | D:11     | XOM: cast spell 'Call Canine Familiar'
 17001 | D:11     | HP: 2/42 [ice beast (13)]
 17005 | D:11     | Mangled by an ice beast

Levels and vault maps discovered:
D:1:      dpeg_arrival_rooms_with_view, layout_loops_ring
D:2:      layout_loops_cross, lemuel_coloured_pillars_altar, uniq_jessica
D:3:      layout_basic, overflow_temple_1_default, led_sif_pool, uniq_sigmund
D:4:      layout_basic, first_ration, minmay_snake_closets
D:5:      layout_loops_ring, gammafunk_temple_overflow_arena, uniq_edmund,
          uniq_menkaure
D:6:      layout_cave_pools, minmay_temple_entry_proselytizer, uniq_duvessa
D:7:      minmay_razor_zed, layout_cave_pods, okawaru_ov_weapons_minmay,
          basic_altar
D:8:      layout_basic, serial_shops, shop, shop, shop_statue, shop_coins
D:9:      layout_basic, kennysheep_mini, hangedman_little_slice_of_home,
          st_stairs_4, kennysheep_nondescript, minmay_quadrilaterals
D:10:     layout_irregular_city, dpeg_lair_monsters
D:11:     layout_layer_cave, orc_0_dummy

Skill      XL: |  1  2  3  4  5  6  7  8  9 |
---------------+----------------------------+-----
Dodging        | 4 6 8 9 |  9.9
Unarmed Combat | 4 5 6 7 8 9 |  9.1
Summonings     | 2 4 5 |  5.0
Spellcasting   | 1 2 3 |  3.7
Ice Magic      | 1 2 3 |  3.0
Air Magic      | 1 3 |  3.4
Charms         | 1 2 |  2.0
Conjurations   | 1 |  1.0
Poison Magic   | 1 |  1.0
Hexes          | 2 |  2.4
Fighting       | |  3.8

Action                   |  1- 3 |  4- 6 |  7- 9 || total
-------------------------+-------+-------+-------++-------
Melee: Unarmed           |    81 |   268 |   529 ||   878
       Bite              |     2 |    19 |    39 ||    60
       Punch             |       |     9 |    16 ||    25
 Cast: Summon Ice Beast  |       |       |    14 ||    14
       Mephitic Cloud    |       |       |     2 ||     2
Evoke: Wand              |       |       |    17 ||    17
  Use: Potion            |       |     2 |     3 ||     5
       Scroll            |       |       |     9 ||     9
 Stab: Sleeping          |     2 |    10 |     7 ||    19
       Distracted        |       |       |     2 ||     2
       Confused          |       |       |     6 ||     6
  Eat: Chunk             |     8 |    16 |    31 ||    55
Armor: Skin              |     6 |     4 |    20 ||    30
Dodge: Dodged            |    58 |   183 |   435 ||   676

Table legend:
 A = Non-vault XP
 B = Vault XP
 C = Vault XP percentage of total XP
 D = Non-vault monster count
 E = Vault monster count
 F = Vault count percentage of total count
                 A         B        C        D         E       F
            +---------+---------+-------+---------+---------+-------
      Total |    4592 |    1678 |  26.8 |     173 |      50 |  22.4
            +---------+---------+-------+---------+---------+-------
        D:1 |      33 |       4 |  10.8 |      19 |       2 |   9.5
        D:2 |      71 |      37 |  34.3 |      23 |       1 |   4.2
        D:3 |     215 |     233 |  52.0 |      26 |       3 |  10.3
        D:4 |     423 |      60 |  12.4 |      22 |       9 |  29.0
        D:5 |     545 |     302 |  35.7 |      13 |       6 |  31.6
        D:6 |     303 |     259 |  46.1 |       9 |       3 |  25.0
        D:7 |     440 |     425 |  49.1 |       4 |      10 |  71.4
        D:8 |     941 |       0 |   0.0 |      24 |       0 |   0.0
        D:9 |    1139 |     358 |  23.9 |      22 |      16 |  42.1
       D:10 |     416 |       0 |   0.0 |      10 |       0 |   0.0
       D:11 |      66 |       0 |   0.0 |       1 |       0 |   0.0
            +---------+---------+-------+---------+---------+-------
